 Dungeon Crawl Stone Soup version 0.20.0 (webtiles) character file.

7756 MatthieuS the Destroyer (level 11, -19/66 HPs)
             Began as a Tengu Conjurer on June 18, 2017.
             Was a Priest of Vehumet.
             Demolished by a two-headed ogre
             ... wielding a +0 giant club
              (23 damage)
             ... on level 10 of the Dungeon.
             The game lasted 01:06:54 (11285 turns).

MatthieuS the Destroyer (Tengu Conjurer)           Turns: 11285, Time: 01:06:54

Health: -19/66     AC:  6    Str: 11    XL:     11   Next: 20%
Magic:  24/31      EV: 15    Int: 17    God:    Vehumet [***...]
Gold:   98         SH:  4    Dex: 16    Spells: 2/24 levels left

rFire    . . .     SeeInvis .   w - +2 hunting sling (flame)
rCold    . . .     Gourm    .   (no shield)
rNeg     . . .     Faith    .   q - +1 robe
rPois    .         Spirit   .   C - +0 hat
rElec    .         Reflect  +   (no cloak)
rCorr    .         Harm     .   D - +2 pair of gloves
MR       .....                  (boots unavailable)
Stlth    ++........             G - +4 amulet of reflection
Regen    0.7/turn               g - +2 ring of dexterity
MPRegen  0.3/turn               z - ring of magical power

@: about to teleport, slowed, drained, very slow
A: beak, horns 1, talons 3, mutation resistance 1, regeneration 1, able to fly 1
a: Fly, Renounce Religion


You were on level 10 of the Dungeon.
You worshipped Vehumet.
Vehumet was most pleased with you.
You were not hungry.

You visited 2 branches of the dungeon, and saw 11 of its levels.
You also visited: Ossuary.

You collected 638 gold pieces.
You spent 540 gold pieces at shops.

Inventory:

Hand Weapons
 a - a +2 short sword of draining
 w - a +2 hunting sling of flaming (weapon)
Missiles
 j - 300 stones (quivered)
 y - a throwing net
Armour
 q - a +1 robe (worn)
 C - a +0 hat (worn)
 D - a +2 pair of gloves (worn)
Jewellery
 g - a +2 ring of dexterity (left hand)
 z - a ring of magical power (right hand)
 G - a +4 amulet of reflection (around neck)
Wands
 l - a wand of digging (24/24)
 F - a wand of lightning (6/15)
Scrolls
 d - a scroll of recharging
 e - a scroll of magic mapping
 h - 5 scrolls of remove curse
 r - a scroll of immolation {unknown}
 x - 2 scrolls of teleportation
 E - a scroll of amnesia
 H - a scroll of fog
Potions
 f - 4 potions of lignification
 i - 2 potions of might
 k - 3 potions of brilliance
 o - a potion of magic
 s - 4 potions of curing
 I - a potion of berserk rage {unknown}
Books
 b - a book of Conjurations

   Spells                             Type                      Level
   a - Magic Dart                     Conjuration                  1
   b - Searing Ray                    Conjuration                  2
   c - Dazzling Spray                 Conjuration/Hexes            3
   d - Fulminant Prism                Conjuration/Hexes            4
   e - Force Lance                    Conjuration/Translocation    4
   f - Iskenderun's Mystic Blast      Conjuration                  4
 p - the Reference Book on Clay and Combat Magic
   (You acquired it on level 9 of the Dungeon)

   Spells                             Type                      Level
   a - Stone Arrow                    Conjuration/Earth            3
   b - Iskenderun's Mystic Blast      Conjuration                  4
   c - Bolt of Draining               Conjuration/Necromancy       5
   d - Iskenderun's Battlesphere      Conjuration/Charms           5
   e - Statue Form                    Transmutation/Earth          6
   f - Orb of Destruction             Conjuration                  7
 u - a book of Cantrips

   Spells                             Type                      Level
   a - Confusing Touch                Hexes                        1
   b - Animate Skeleton               Necromancy                   1
   c - Summon Small Mammal            Summoning                    1
   d - Apportation                    Translocation                1
Miscellaneous
 v - a fan of gales
Comestibles
 c - 11 bread rations
 n - 2 meat rations
 B - a royal jelly


   Skills:
 + Level 6.9(6.2) Fighting
 - Level 3.5(2.9) Armour
 + Level 5.2(4.6) Dodging
 - Level 2.0(1.4) Stealth
 - Level 7.1(6.5) Spellcasting
 * Level 13.7(12.9) Conjurations
 - Level 5.2(4.6) Hexes


You had 2 spell levels left.
You knew the following spells:

 Your Spells              Type           Power        Failure   Level  Hunger
a - Magic Dart            Conj           ####         1%          1    None
b - Searing Ray           Conj           #####.       1%          2    None
c - Dazzling Spray        Conj/Hex       #####.       1%          3    ##.....
d - Fulminant Prism       Conj/Hex       #####.....   1%          4    ####...
e - Iskenderun's Battles  Conj/Chrm      ####....     7%          5    #####..
f - Orb of Destruction    Conj           #####.....   13%         7    #######


Dungeon Overview and Level Annotations

Branches:
Dungeon (10/15)            Temple (1/1) D:5            Lair (0/6) D:8
    Orc (0/2) D:9

Altars:
Ashenzari
Cheibriados
Dithmenos
Elyvilon
Fedhas
Gozag
Hepliaklqana
Kikubaaqudgha
Makhleb
Nemelex Xobeh
Okawaru
Qazlal
Ru
Sif Muna
Trog
Uskayaw
Vehumet
Xom
Yredelemnul
Zin
The Shining One

Shops:
D:4 (   D:8 }?=}   D:9 [

Annotations:
D:9 Ahbubu's ghost, novice DrHu
D:10 Nergalle


Innate Abilities, Weirdness & Mutations

You have a beak for a mouth.
You have claws for feet.
You can fly.
You have a pair of small horns on your head.
You are somewhat resistant to further mutation.
Your natural rate of healing is unusually fast.


Message History

You feel strangely unstable. The wraith hits you.
The wraith drains your vigour!
You feel yourself slow down.
The spectral orc knight barely misses you.
Casting: Searing Ray
Confirm with . or Enter, or press ? or * to list all spells.
Aiming: Dazzling Spray
Press: ? - help, Shift-Dir - straight line, f - two-headed ogre
Aim: a two-headed ogre, wielding two giant clubs The spray of energy hits the two-headed ogre.
The two-headed ogre is lightly wounded.
The two-headed ogre hits you with a giant club!
* * * LOW HITPOINT WARNING * * *
You block the two-headed ogre's attack. Nergalle casts a spell at you.
Orcish apparitions take form around you.
The wraith closely misses you. The spectral orc knight misses you.
The two-headed ogre hits you with a giant club.
* * * LOW HITPOINT WARNING * * *
The two-headed ogre hits you with a giant club!!
You die...

+............. ...
#.#.###.#.#### ... #.#.#
#.#.# #.# #.#.# # #..
####.#######.#.# ##
#............#.#
#...>.Z......#.##
#.....oZW.......#
#.....Z.@OZ.....######
.#######W#####.#..<.......
..........# #......######
..........# ##..#.##
.......o..# #..#.#
..........# #..#.#
..........######.#.#
...............#...#
..........####.#...#


You could see Nergalle, a two-headed ogre, a spectral orc warrior, 3 spectral
orc knights and 2 wraiths.

Vanquished Creatures
  The ghost of DEEZ the Shooter, a novice MiHu of Nemelex Xobeh (D:5)
  Grinder (D:4)
  A hippogriff (D:7)
  Sigmund (D:3)
  Eustachio (D:4)
  A wraith (Ossuary)
  3 hungry ghosts
  Grum (D:9)
  4 yaks (D:10)
  Menkaure (D:4)
  An acid dragon (D:10)
  3 orc warriors
  2 ice beasts
  A sky beast (D:7)
  4 ogres
  7 phantoms
  4 wolves (D:9)
  2 necrophages
  4 centaurs
  A big kobold (D:6)
  4 elf zombies
  6 bullfrogs
  An elf skeleton (D:8)
  A killer bee (D:10)
  4 scorpions
  4 wights (D:8)
  3 howler monkeys
  2 centaur zombies
  3 crimson imps
  6 orc priests
  4 human zombies (D:8)
  2 jellies
  8 hounds
  3 bullfrog skeletons
  A centaur skeleton (D:5)
  Terence (D:3)
  8 iguanas
  Natasha (D:2)
  5 orc wizards
  A worker ant (D:4)
  A hound zombie (D:10)
  3 mummies (Ossuary)
  A howler monkey skeleton (D:9)
  A worker ant zombie (D:10)
  8 gnolls
  11 adders
  2 shadow imps
  An ooze (D:1)
  A worm (D:2)
  2 dart slugs
  8 leopard geckos
  23 orcs
  2 ball pythons
  8 giant cockroaches
  5 goblins
  6 hobgoblins
  5 jackals
  13 kobolds
  3 quokkas
  7 bats
  7 frilled lizards
  5 goblin zombies (Ossuary)
  3 kobold zombies (Ossuary)
  A leopard gecko skeleton (D:5)
  4 orc skeletons (D:8)
  A quokka skeleton (D:8)
  6 rats
  2 fulminant prisms
  2 plants (D:6)
254 creatures vanquished.

Vanquished Creatures (others)
  26 fulminant prisms
  A plant (D:6)
27 creatures vanquished.

Grand Total: 281 creatures vanquished

Notes
Turn   | Place    | Note
-------+----------+-------------------------------------------
     0 | D:1      | MatthieuS the Tengu Conjurer began the quest for the Orb.
     0 | D:1      | Reached XP level 1. HP: 10/10 MP: 4/4
    84 | D:1      | Reached XP level 2. HP: 15/15 MP: 0/6
   499 | D:1      | Reached XP level 3. HP: 19/19 MP: 2/7
   582 | D:1      | Reached skill level 6 in Conjurations
   635 | D:1      | Learned a level 2 spell: Searing Ray
  1233 | D:2      | Reached XP level 4. HP: 17/24 MP: 2/9
  1556 | D:2      | Learned a level 3 spell: Dazzling Spray
  1658 | D:2      | Noticed Natasha
  1666 | D:2      | Killed Natasha
  1850 | D:3      | Noticed Terence
  1860 | D:3      | Killed Terence
  1860 | D:3      | Reached skill level 7 in Conjurations
  1860 | D:3      | Gained mutation: You can fly. [Tengu growth]
  1860 | D:3      | Reached XP level 5. HP: 18/28 MP: 1/11
  2001 | D:3      | Noticed a phantom
  2027 | D:3      | Killed a phantom
  2027 | D:3      | Reached XP level 6. HP: 9/32 MP: 0/13
  2339 | D:3      | Learned a level 4 spell: Fulminant Prism
  2348 | D:3      | Noticed Sigmund
  2362 | D:3      | Killed Sigmund
  2362 | D:3      | Reached skill level 1 in Fighting
  2362 | D:3      | Reached skill level 8 in Conjurations
  2362 | D:3      | Reached XP level 7. HP: 11/38 MP: 2/14
  2947 | D:3      | Reached skill level 9 in Conjurations
  3160 | D:4      | Noticed Grinder
  3173 | D:4      | Killed Grinder
  3173 | D:4      | Reached skill level 5 in Spellcasting
  3173 | D:4      | Reached skill level 10 in Conjurations
  3173 | D:4      | Reached XP level 8. HP: 36/45 MP: 3/16
  3477 | D:4      | Found Meploune's Weapon Boutique.
  3482 | D:4      | Bought a +2 hunting sling of flaming for 191 gold pieces
  3595 | D:4      | Noticed Menkaure
  3605 | D:4      | HP: 3/67 [Menkaure (13)]
  3613 | D:4      | HP: 3/69 [Menkaure (13)]
  3616 | D:4      | Killed Menkaure
  3616 | D:4      | Reached skill level 1 in Hexes
  3813 | D:4      | Noticed Eustachio
  3822 | D:4      | Killed Eustachio
  4100 | D:5      | Entered Level 5 of the Dungeon
  4313 | D:5      | Reached XP level 9. HP: 43/52 MP: 8/17
  4504 | D:5      | Noticed DEEZ's ghost (novice MiHu)
  4531 | D:5      | Killed DEEZ's ghost
  4531 | D:5      | Reached skill level 5 in Fighting
  4726 | D:5      | Found a staircase to the Ecumenical Temple.
  4735 | Temple   | Entered the Ecumenical Temple
  4865 | Temple   | Became a worshipper of Vehumet
  5055 | D:6      | Reached skill level 5 in Hexes
  6302 | D:7      | Reached skill level 1 in Armour
  6435 | D:7      | Reached * piety under Vehumet
  6435 | D:7      | Offered knowledge of Shock by Vehumet.
  6674 | D:7      | Reached XP level 10. HP: 41/60 MP: 9/20
  6773 | D:7      | Reached skill level 11 in Conjurations
  7510 | D:8      | Found Eqeerch Yroim's Magic Scroll Shop.
  7510 | D:8      | Found Zoos's Gadget Shop.
  7530 | D:8      | Bought a scroll of amnesia for 49 gold pieces
  7607 | D:8      | Found a staircase to the Lair.
  7636 | D:8      | Found Hockuoc's Jewellery Emporium.
  7644 | D:8      | Bought an uncursed ring of magical power for 300 gold pieces
  7718 | D:8      | Found Ujet's Gadget Shoppe.
  7776 | D:8      | Found a sand-covered staircase.
  7784 | Ossuary  | Entered an ossuary
  7941 | Ossuary  | Reached ** piety under Vehumet
  7974 | Ossuary  | Offered knowledge of Sting by Vehumet.
  8483 | Ossuary  | Gained mutation: You have a pair of small horns on your head. [potion of mutation]
  8483 | Ossuary  | Gained mutation: You are frail. (-10% HP) [potion of mutation]
  8483 | Ossuary  | Gained mutation: You are somewhat resistant to further mutation. [potion of mutation]
  8484 | Ossuary  | Lost mutation: You are frail. (-10% HP) [potion of mutation]
  8484 | Ossuary  | Lost mutation: You are somewhat resistant to further mutation. [potion of mutation]
  8484 | Ossuary  | Gained mutation: Your natural rate of healing is unusually fast. [potion of mutation]
  8484 | Ossuary  | Gained mutation: You are somewhat resistant to further mutation. [potion of mutation]
  8743 | D:8      | Reached skill level 12 in Conjurations
  8969 | D:8      | Offered knowledge of Static Discharge by Vehumet.
 10102 | D:9      | Found a staircase to the Orcish Mines.
 10116 | D:9      | Identified a scroll of acquirement
 10116 | D:9      | Identified the Reference Book on Clay and Combat Magic (You acquired it on level 9 of the Dungeon)
 10124 | D:9      | Learned a level 5 spell: Iskenderun's Battlesphere
 10132 | D:9      | Learned a level 7 spell: Orb of Destruction
 10342 | D:9      | Noticed Ahbubu's ghost (novice DrHu)
 10342 | D:9      | Noticed Grum
 10345 | D:9      | Reached skill level 13 in Conjurations
 10361 | D:9      | Killed Grum
 10361 | D:9      | Reached XP level 11. HP: 41/64 MP: 16/22
 10617 | D:9      | Found Ecroissa's Antique Armour Boutique.
 10912 | D:10     | Entered Level 10 of the Dungeon
 10992 | D:10     | Reached skill level 5 in Dodging
 11214 | D:10     | Noticed a green ugly thing
 11220 | D:10     | Reached *** piety under Vehumet
 11235 | D:10     | HP: 1/66 [red ugly thing (21)]
 11241 | D:10     | Noticed a two-headed ogre
 11260 | D:10     | Noticed Nergalle
 11278 | D:10     | HP: 3/66 [Nergalle/bolt of negative energy (28)]
 11285 | D:10     | Demolished by a two-headed ogre

Skill      XL: |  1  2  3  4  5  6  7  8  9 10 11 |
---------------+----------------------------------+-----
Conjurations   | 6 7 8 10 13 | 13.7
Spellcasting   | 3 4 5 6 7 |  7.1
Fighting       | 1 2 4 6 |  6.9
Hexes          | 3 5 |  5.2
Armour         | 2 3 |  3.5
Dodging        | 4 5 |  5.2
Stealth        | |  2.0

Action                   |  1- 3 |  4- 6 |  7- 9 | 10-12 || total
-------------------------+-------+-------+-------+-------++-------
Melee: Short sword       |     1 |       |       |    11 ||    12
       Flail             |       |       |    44 |       ||    44
       Peck              |       |       |    10 |     1 ||    11
       Kick              |       |       |    10 |     3 ||    13
 Fire: Hunting sling     |    16 |    42 |   156 |   317 ||   531
 Cast: Magic Dart        |    67 |    30 |    89 |   126 ||   312
       Searing Ray       |       |     5 |    19 |    24 ||    48
       Fulminant Prism   |       |       |     9 |    20 ||    29
       Dazzling Spray    |       |       |     4 |    19 ||    23
       Iskenderun's Batt |       |       |       |     1 ||     1
Evoke: Wand              |       |       |       |     1 ||     1
  Use: Scroll            |       |    11 |     7 |    20 ||    38
       Potion            |       |     1 |     4 |    13 ||    18
  Eat: Chunk             |     1 |     4 |    10 |    12 ||    27
       Fruit             |       |       |     1 |     4 ||     5
       Meat ration       |       |       |     1 |     1 ||     2
       Bread ration      |       |       |       |     1 ||     1
       Royal jelly       |       |       |       |     1 ||     1
Armor: Robe              |     5 |     3 |    11 |    81 ||   100
       Skin              |       |       |    24 |       ||    24
Dodge: Dodged            |    10 |    16 |    82 |   265 ||   373
Block: Other             |       |       |       |    35 ||    35
       Reflection        |       |       |       |     1 ||     1
